 Dungeon Crawl Stone Soup version 0.28-a0-691-gad6df49e81 (webtiles) character file.

Game seed: 493095600519111577

85 voltaire321 the Charlatan (level 4, -9/33 HPs)
             Began as a Demonspawn Artificer on Oct 21, 2021.
             Killed by divine providence
             ... invoked by an orc priest
              (14 damage)
             ... on level 3 of the Dungeon.
             The game lasted 00:06:34 (2464 turns).

voltaire321 the Charlatan (Demonspawn Artificer)    Turns: 2464, Time: 00:06:35

Health: -9/33      AC:  6    Str: 12    XL:     4   Next: 25%
Magic:  4/4        EV: 11    Int: 13    God:
Gold:   63         SH:  6    Dex: 14    Spells: 3/3 levels left

rFire   . . .      SeeInvis .   a - +0 short sword (speed)
rCold   . . .      Faith    .   o - +3 buckler
rNeg    . . .      Spirit   .   b - +0 leather armour
rPois   .          Reflect  .   (helmet restricted)
rElec   .          Harm     .   (no cloak)
rCorr   .          Rampage  .   j - +0 pair of gloves
Will    .....                   (no boots)
Stlth   +.........              (no amulet)
HPRegen 0.11/turn               (no ring)
MPRegen 0.09/turn               (no ring)

@: no status effects
A: horns 1, icy blue scales 1, demonic magic 1
a: no special abilities


You were on level 3 of the Dungeon.
You visited 1 branch of the dungeon, and saw 3 of its levels.

You collected 63 gold pieces.

Inventory:

Hand Weapons
 a - a +0 short sword of speed (weapon)
Armour
 b - a +0 leather armour (worn)
 j - a +0 pair of gloves (worn)
 o - a +3 buckler (worn)
Jewellery
 k - an amulet of the acrobat
Wands
 c - a wand of flame (3) (quivered)
 d - a wand of charming (15)
Scrolls
 f - 5 scrolls of identify
 g - a scroll of enchant armour
 i - a scroll of enchant weapon {unknown}
 l - a scroll of fear {unknown}
 p - a scroll of holy word {unknown}
Potions
 m - a potion of mutation
 n - a potion of brilliance
Miscellaneous
 e - a piece from Xom's chessboard (15/15)


   Skills:
 + Level 2.1 Fighting
 + Level 2.5 Armour
 + Level 1.9 Dodging
 - Level 0.8 Stealth
 + Level 0.0 Shields
 + Level 3.6 Evocations


You had 3 spell levels left.
You didn't know any spells.
Your spell library contained the following spells:

 Spells                   Type           Power      Damage    Failure   Level
 Portal Projectile        Hex/Tloc       0%         N/A       89%         3
 Summon Lightning Spire   Summ/Air       0%         N/A       100%        4
 Blade Hands              Tmut           0%         N/A       100%        5
 Excruciating Wounds      Necr           0%         N/A       100%        5
 Storm Form               Tmut/Air       0%         N/A       100%        7
 Maxwell's Capacitive Co  Air            0%         ∞         100%        8


Dungeon Overview and Level Annotations

Branches:
Dungeon (3/15)

Altars:

Annotations:
D:2 Terence


Innate Abilities, Weirdness & Mutations

You have a pair of small horns on your head.
You are partially covered in icy blue scales. (AC +2)
Spells you cast may paralyse adjacent enemies.


Message History

You kill the goblin!
The goblin barely misses you.
You see here a +0 dagger.
You miss the goblin. You block the goblin's attack.
You closely miss the goblin. The goblin hits you but does no damage.
You hit the goblin.
You kill the goblin!
You see here a +0 dagger.
You now have 63 gold pieces (gained 14).
You open the door.
There is an open door here.
Found 22 stones.
You see here 22 stones.
Found an escape hatch in the floor.
Found a stone staircase leading down.
An orc priest comes into view. It is wielding a +0 hand axe.
The orc priest shouts!
You hear a shout!
The orc priest looks braver for a moment.
You hear a shout!
An orc comes into view. It is wielding a +0 club.
The orc shouts!
You completely miss the orc priest.
An orc comes into view. It is wielding a +0 flail.
The orc hits you with a +0 club. You block the orc priest's attack.
You hit the orc priest.
The orc priest is moderately wounded.
The orc completely misses you.
The orc priest mumbles some strange prayers to Beogh against you.
Pain shoots through your body!
The orc priest calls down the wrath of Beogh upon you.
Beogh smites you!
* * * LOW HITPOINT WARNING * * *
You hit the orc priest.
The orc priest is moderately wounded.
The orc priest hits you but does no damage.
Okay, then.
You block the orc's attack.
The orc priest calls down the wrath of Beogh upon you.
Beogh smites you!
You die...

######## #......#
#.>....# #......#
########o.....#
.......o.@...>+
##.....#o.....##########
#.....#######.........#
#..... ###+#######.#
#####. #....# #.# #.
#....# #.# #. #....# #.#
#.#####....# #.#
#..))....# #.#


You could see an orc priest and 2 orcs.

Vanquished Creatures
  2 adders (D:2)
  3 dart slugs (D:1)
  5 orcs (D:3)
  9 endoplasms
  A giant cockroach (D:1)
  3 goblins
  7 hobgoblins
  3 jackals (D:1)
  4 kobolds
  3 quokkas
  3 ball pythons
  2 bats (D:1)
  3 rats (D:1)
48 creatures vanquished.

Vanquished Creatures (others)
  A ball python (D:1)
1 creature vanquished.

Grand Total: 49 creatures vanquished

Notes
Turn   | Place    | Note
-------+----------+-------------------------------------------
     0 | D:1      | voltaire321 the Demonspawn Artificer began the quest for
                  | the Orb.
     0 | D:1      | Reached XP level 1. HP: 15/15 MP: 1/1
    46 | D:1      | Reached skill level 1 in Dodging
   284 | D:1      | Gained mutation: You are partially covered in icy blue
                  | scales. (AC +2) [demonic ancestry]
   284 | D:1      | Reached XP level 2. HP: 21/21 MP: 2/2
   826 | D:1      | Gained mutation: Spells you cast may paralyse adjacent
                  | enemies. [demonic ancestry]
   826 | D:1      | Reached XP level 3. HP: 21/26 MP: 3/3
  1290 | D:1      | Found a faded altar of an unknown god.
  1659 | D:2      | Gained mutation: You have a pair of small horns on your
                  | head. [demonic ancestry]
  1659 | D:2      | Reached XP level 4. HP: 22/33 MP: 4/4
  1847 | D:2      | Noticed Terence
  2464 | D:3      | Killed from afar by an orc priest

Illustrated notes

Levels and vault maps discovered:
D:1:      co_arrival_square_in_a_square_in_a_square, layout_loops_ring,
          hellmonk_ecumenical_altar_inner_sanctum
D:2:      layout_rooms, uniq_terence
D:3:      layout_basic

Skill      XL: |  1  2  3 |
---------------+----------+-----
Dodging        | 1 |  1.9
Armour         | 2 |  2.5
Fighting       | 2 |  2.1
Stealth        | |  0.8
Evocations     | |  3.6

Action                   |  1- 3 |  4- 6 || total
-------------------------+-------+-------++-------
Melee: Club              |    11 |       ||    11
       Short sword       |   141 |    32 ||   173
       Headbutt          |       |     5 ||     5
Evoke: Wand              |    10 |     2 ||    12
  Use: Scroll            |       |     4 ||     4
 Stab: Sleeping          |     1 |     1 ||     2
Armor: Leather armour    |    39 |     4 ||    43
Dodge: Dodged            |    78 |     8 ||    86
Block: Buckler           |       |     3 ||     3

Table legend: (Time is in decaauts)
 A = Elapsed time spent in this place.
 B = Non-inter-level travel time spent in this place.
 C = Inter-level travel time spent in this place.
 D = Time resting spent in this place.
 E = Time spent auto-exploring this place.
 F = Levels seen in this place.
 G = Mean time per level.
                   A        B        C        D        E       F      G
               +--------+--------+--------+--------+--------+-----+--------+
         Total |   2422 |   2411 |     11 |    869 |   1019 |   3 |  807.3 |
       Dungeon |   2422 |   2411 |     11 |    869 |   1019 |   3 |  807.3 |
               +--------+--------+--------+--------+--------+-----+--------+

Top non-repeatable levels by time:
     D:1: 1626 daAuts
     D:2: 507 daAuts
     D:3: 288 daAuts
